 Dungeon Crawl Stone Soup version 0.28-a0-823-gb444dcf96d (webtiles) character file.

Game seed: 9791942118327265235

16336 ytrimaz the Severer (level 12, -1/94 HPs)
             Began as a Formicid Fighter on Nov 9, 2021.
             Was a High Priest of Okawaru.
             Slain by a skeletal warrior (22 damage)
             ... on level 15 of the Dungeon.
             The game lasted 00:18:01 (10435 turns).

ytrimaz the Severer (Formicid Fighter)             Turns: 10435, Time: 00:18:02

Health: -1/94      AC: 10    Str: 26    XL:     12   Next: 68%
Magic:  12/16      EV: 12    Int:  6    God:    Okawaru [*****.]
Gold:   407        SH:  7    Dex:  8    Spells: 11/11 levels left

rFire   . . .      SeeInvis +   v - +1 battleaxe (elec)
rCold   + + +      Faith    .   c - +0 buckler
rNeg    . . .      Spirit   .   G - +2 leather armour "Pejodd" {rPois rC+++ Int-2 Dex-2}
rPois   +          Reflect  .   (helmet unavailable)
rElec   .          Harm     .   (no cloak)
rCorr   .          Rampage  .   l - +0 pair of gloves
Will    +....                   j - +0 pair of boots
Stlth   ++........              e - amulet of regeneration
HPRegen 1.25/turn               (no ring)
MPRegen 0.15/turn               (no ring)

@: heroic, finesse-ful
A: permanent stasis, dig shafts and tunnels, antennae 3, four strong arms
a: Dig, Shaft Self, Renounce Religion, Heroism, Finesse, Duel


You were on level 15 of the Dungeon.
You worshipped Okawaru.
Okawaru was extremely pleased with you.
You visited 3 branches of the dungeon, and saw 15 of its levels.

You collected 748 gold pieces.
You spent 341 gold pieces at shops.

Inventory:

Hand Weapons
 a - a +1 war axe
 g - a +2 scimitar of flaming
 v - a +1 battleaxe of electrocution (weapon)
 B - a +2 war axe of venom
Missiles
 q - 6 throwing nets (quivered)
Armour
 b - a +0 scale mail
 c - a +0 buckler (worn)
 j - a +0 pair of boots (worn)
 l - a +0 pair of gloves (worn)
 p - +0 steam dragon scales
 u - a +0 troll leather armour
 C - the +5 kite shield of Asceticism {+Inv rElec Will- Str+5}
   (Okawaru gifted it to you on level 11 of the Dungeon)

   Str:       It affects your strength (+5).
   rElec:     It insulates you from electricity.
   +Inv:      It lets you turn invisible.
   Will:      It decreases your willpower.
 G - the +2 leather armour "Pejodd" (worn) {rPois rC+++ Int-2 Dex-2}
   (You found it on level 12 of the Dungeon)

   Int:       It affects your intelligence (-2).
   Dex:       It affects your dexterity (-2).
   rC:        It renders you almost immune to cold.
   rPois:     It protects you from poison.
Jewellery
 e - an amulet of regeneration (around neck)
Wands
 k - a wand of digging (14)
 s - a wand of flame (19)
 t - a wand of polymorph (15)
 y - a wand of iceblast (22)
 F - a wand of mindburst (10)
Scrolls
 f - 5 scrolls of magic mapping
 w - 4 scrolls of identify
 A - a scroll of enchant weapon
 E - a scroll of fear
Potions
 h - a potion of brilliance
 i - 2 potions of cancellation
 m - 4 potions of curing {unknown}
 n - a potion of might
 o - a potion of magic {unknown}
 z - a potion of attraction {unknown}
Miscellaneous
 d - a condenser vane (inert)


   Skills:
 + Level 8.4(13.4) Fighting
 * Level 15.0(20.0) Axes
 * Level 8.2(13.2) Armour
 * Level 9.2(14.2) Shields
 * Level 5.8 Invocations


You had 11 spell levels left.
You didn't know any spells.
Your spell library contained the following spells:

 Spells                   Type           Power      Damage    Failure   Level
 Static Discharge         Conj/Air       0%         N/A       63%         2
 Lightning Bolt           Conj/Air       0%         1d11      100%        5
 Maxwell's Capacitive Co  Air            0%         ∞         100%        8


Dungeon Overview and Level Annotations

Branches:
Dungeon (13/15)            Temple (1/1) D:7            Lair (0/6) D:11
    Orc (1/2) D:10
 Vaults: D:13-14

Altars:
Ashenzari
Cheibriados
Dithmenos
Elyvilon
Gozag
Hepliaklqana
Kikubaaqudgha
Makhleb
Nemelex Xobeh
Okawaru
Qazlal
Ru
Sif Muna
Trog
Uskayaw
Vehumet
Wu Jian
Xom
Yredelemnul
Zin
The Shining One

Shops:
D:6 (   D:7 *   D:8 *

Portals:
Ice
Cave: D:13

Annotations:
D:11 exclusion: 2 oklob plants


Innate Abilities, Weirdness & Mutations

You cannot be hasted, slowed, berserked, paralysed or teleported.
You can dig through walls and to a lower floor.
You have a pair of large antennae on your head. (SInv)
Your four strong arms can wield two-handed weapons with a shield.


Message History

The centaur shoots an arrow.
The arrow barely misses you. You block the harpy's attack.
The harpy claws you but does no damage.
The centaur shoots an arrow.
The arrow hits you!
* * * LOW HITPOINT WARNING * * *
A shaft appears beneath you!
You fall into a shaft and drop 2 floors!
The shaft crumbles and collapses.
The barbed spikes dig painfully into your body as you move.
* * * LOW HITPOINT WARNING * * *
Beware, you cannot shaft yourself on this level.
Found a scroll of noise, a shortbow and a curved glowing staff.
Okay, then.
You can't see any enemies this would affect, really read the scroll of fear? [Y]es or [N]o only, please.
You can't see any enemies this would affect, really read the scroll of fear?
Okay, then.
Unknown command.
Okay, then.
Okay, then.
Found a scroll of immolation.
The barbed spikes dig painfully into your body as you move.
* * * LOW HITPOINT WARNING * * *
It was a potion of brilliance.
You feel clever all of a sudden.
It was a potion of cancellation.
Your magical effects are unravelling.
You feel magically purged.
You feel a little less clever now.
Okay, then.
You feel much better.
You carefully extract the barbed spikes from your body.
The skeletal warrior hits you from afar with a +0 trident!
* * * LOW HITPOINT WARNING * * *
Press: ? - help, Dir - move target, f - skeletal warrior
Aim: a skeletal warrior, wielding a +0 mace You fail to use your ability.
The skeletal warrior hits you from afar with a +0 trident.
* * * LOW HITPOINT WARNING * * *
The skeletal warrior hits you from afar with a +0 halberd!!
You die...

####....##.|..
..#.#..........z
................
...............#
...........?..)#
................
.........z......
.......z.z.#
.......@...#
.............#
.............#
...........###
...........#
............
........#####
.......?#


You could see 3 skeletal warriors.

Vanquished Creatures
  2 hydras
  Harold (D:8)
  Erica (D:8)
  2 two-headed ogres
  3 centaur warriors
  A cyclops (D:11)
  A manticore (D:13)
  Joseph (D:8)
  A gargoyle (D:11)
  A kobold demonologist (D:12)
  A komodo dragon (D:8)
  A hornet (D:9)
  3 meliai (D:11)
  4 trolls
  Grinder (D:4)
  A wyvern (D:7)
  11 yaks
  2 steam dragons
  4 vampire mosquitoes (D:11)
  Grum (D:8)
  2 acid dragons (D:10)
  A water moccasin (D:6)
  An ice beast (D:6)
  5 orc warriors
  2 wolves (D:8)
  7 centaurs
  An ogre (D:6)
  2 kobold brigands
  4 bullfrogs
  2 gnoll sergeants
  2 water moccasin zombies (D:6)
  2 scorpions (D:6)
  3 killer bees (D:8)
  13 wights
  2 electric eels (D:6)
  3 howler monkeys
  2 centaur zombies
  3 centaur skeletons
  A jelly (D:7)
  A gnoll shaman (D:6)
  4 orc priests
  Natasha (thrice) (D:3)
  2 iguanas
  6 orc wizards
  A hound skeleton (D:4)
  9 adders
  25 gnolls
  2 howler monkey skeletons
  2 white imps
  An ufetubus (D:4)
  A worm (D:3)
  36 orcs
  5 bats
  4 endoplasms
  4 giant cockroaches
  4 goblins
  A hobgoblin (D:2)
  17 kobolds
  2 quokkas
  7 ball pythons
238 creatures vanquished.

Vanquished Creatures (others)
  A gnoll shaman (D:7)
  12 plants
13 creatures vanquished.

Grand Total: 251 creatures vanquished

Notes
Turn   | Place    | Note
-------+----------+-------------------------------------------
     0 | D:1      | ytrimaz the Formicid Fighter began the quest for the Orb.
     0 | D:1      | Reached XP level 1. HP: 18/18 MP: 1/1
    69 | D:1      | Reached XP level 2. HP: 20/24 MP: 2/2
   805 | D:2      | Found a faded altar of an unknown god.
   889 | D:2      | Reached XP level 3. HP: 25/29 MP: 3/3
  1442 | D:3      | Reached skill level 3 in Axes
  1442 | D:3      | Reached XP level 4. HP: 21/36 MP: 4/4
  1516 | D:3      | Noticed Natasha
  1523 | D:3      | Killed Natasha
  1524 | D:3      | Reached XP level 5. HP: 42/42 MP: 5/5
  1671 | D:3      | Reached skill level 4 in Axes
  1741 | D:3      | Noticed Natasha
  1748 | D:3      | Killed Natasha
  1927 | D:3      | Noticed Natasha
  1941 | D:3      | Killed Natasha
  1942 | D:3      | Reached XP level 6. HP: 31/48 MP: 6/6
  2367 | D:4      | Found a shimmering altar of Xom.
  2368 | D:4      | Found a basalt altar of Yredelemnul.
  2380 | D:4      | Reached skill level 5 in Axes
  2535 | D:4      | Noticed Grinder
  2547 | D:4      | Killed Grinder
  2548 | D:4      | Reached skill level 5 in Shields
  2548 | D:4      | Reached XP level 7. HP: 42/54 MP: 7/7
  2664 | D:4      | You fall into a shaft and drop 3 floors!
  2681 | D:7      | Reached skill level 6 in Axes
  2830 | D:7      | Reached XP level 8. HP: 47/60 MP: 8/8
  2950 | D:7      | Found a staircase to the Ecumenical Temple.
  2963 | D:7      | Noticed a troll
  2989 | D:8      | Noticed Erica
  3070 | D:7      | Found Xekueq's Assorted Antiques.
  3085 | D:7      | Bought a scroll labelled YPSEMP NEIMP for 21 gold pieces
  3085 | D:7      | Bought a scroll labelled YPSEMP NEIMP for 21 gold pieces
  3085 | D:7      | Bought a scroll labelled YPSEMP NEIMP for 21 gold pieces
  3132 | D:7      | You fall into a shaft and drop 2 floors!
  3179 | D:9      | Noticed a hornet
  3200 | D:9      | Killed a hornet
  3201 | D:9      | Reached skill level 7 in Axes
  3201 | D:9      | Reached skill level 5 in Armour
  3270 | D:9      | Noticed a yak
  3270 | D:9      | Noticed a yak
  3313 | D:8      | Found a stormy altar of Qazlal.
  3384 | D:8      | Noticed Joseph
  3401 | D:8      | Killed Erica
  3402 | D:8      | Reached skill level 5 in Fighting
  3402 | D:8      | Reached skill level 9 in Axes
  3402 | D:8      | Reached XP level 9. HP: 39/68 MP: 9/9
  3405 | D:8      | Killed Joseph
  3665 | Temple   | Entered the Ecumenical Temple
  3832 | Temple   | Became a worshipper of Warmaster Okawaru
  4070 | D:7      | Reached skill level 10 in Axes
  4415 | D:7      | Found a white marble altar of Elyvilon.
  4652 | D:7      | You fall into a shaft and drop 2 floors!
  4663 | D:9      | Reached * piety under Okawaru
  4664 | D:9      | Reached XP level 10. HP: 41/76 MP: 10/10
  4725 | D:9      | Reached skill level 1 in Invocations
  4794 | D:9      | Noticed a two-headed ogre
  4868 | D:8      | Noticed a komodo dragon
  4880 | D:8      | Killed a komodo dragon
  4880 | D:8      | Reached ** piety under Okawaru
  4881 | D:8      | Reached skill level 11 in Axes
  4915 | D:8      | Found Rusmuasov's Gadget Gallery.
  4988 | D:8      | Noticed Grum
  5001 | D:8      | Killed Grum
  5902 | D:6      | Reached *** piety under Okawaru
  6032 | D:6      | Found Qoraigh's Weapon Shop.
  6041 | D:6      | Bought a +1 battleaxe of electrocution for 278 gold pieces
  6299 | D:7      | Reached skill level 12 in Axes
  6747 | D:8      | Noticed Harold
  6748 | D:8      | Found a sacrificial altar of Ru.
  6758 | D:8      | Killed Harold
  6759 | D:8      | Reached XP level 11. HP: 77/83 MP: 13/13
  6890 | D:8      | Found an ornate altar of the Wu Jian Council.
  7061 | D:9      | Reached **** piety under Okawaru
  7331 | D:9      | Killed a two-headed ogre
  7332 | D:9      | Reached skill level 13 in Axes
  7392 | D:9      | Found a hide-covered altar of Uskayaw.
  7420 | D:10     | Entered Level 10 of the Dungeon
  7910 | D:10     | Found a staircase to the Orcish Mines.
  8045 | D:10     | Received a gift from Okawaru
  8199 | D:10     | Found a sparkling altar of Nemelex Xobeh.
  8338 | Orc:1    | Entered Level 1 of the Orcish Mines
  8368 | D:11     | Noticed an oklob plant
  8375 | D:11     | Noticed an oklob plant
  8379 | D:11     | Found a staircase to the Lair.
  8560 | D:11     | Noticed a six-headed hydra
  8572 | D:11     | Killed a one-headed hydra
  8578 | D:11     | Reached ***** piety under Okawaru
  8735 | D:11     | Noticed a two-headed ogre
  8740 | D:11     | Killed a two-headed ogre
  8741 | D:11     | Reached skill level 14 in Axes
  8741 | D:11     | Reached XP level 12. HP: 79/92 MP: 12/15
  8897 | D:11     | Reached skill level 5 in Invocations
  9007 | D:11     | Identified the +5 kite shield of Asceticism {+Inv rElec
                  | Will- Str+5} (Okawaru gifted it to you on level 11 of the
                  | Dungeon)
  9007 | D:11     | Received a gift from Okawaru
  9296 | D:12     | Noticed a tengu warrior
  9296 | D:12     | Noticed a five-headed hydra
  9548 | D:12     | Noticed a centaur warrior
  9554 | D:12     | Killed a centaur warrior
  9850 | D:12     | Identified the +2 leather armour "Pejodd" {rPois rC+++
                  | Int-2 Dex-2}
 10062 | D:12     | Noticed a four-headed hydra
 10076 | D:12     | Killed a one-headed hydra
 10182 | D:13     | Found a frozen archway.
 10358 | D:13     | Noticed a centaur warrior
 10358 | D:13     | Noticed a centaur warrior
 10409 | D:13     | Killed a centaur warrior
 10417 | D:13     | Killed a centaur warrior
 10418 | D:13     | Reached skill level 15 in Axes
 10430 | D:13     | You fall into a shaft and drop 2 floors!
 10430 | D:15     | Entered Level 15 of the Dungeon
 10430 | D:15     | Noticed a skeletal warrior
 10430 | D:15     | Noticed a skeletal warrior
 10430 | D:15     | Noticed a skeletal warrior
 10430 | D:15     | Noticed a skeletal warrior
 10435 | D:15     | Slain by a skeletal warrior

Illustrated notes

Levels and vault maps discovered:
D:1:      psy_arrival_terrarium, layout_rooms
D:2:      layout_loops_ring, ebering_ecumenical_altar_mist
D:3:      wad_pebble_path, layout_loops_ring, uniq_natasha
D:4:      layout_cave_pods, jmf_multi_god_temple, uniq_grinder
D:6:      layout_loops_ring, serial_shops, shop, minmay_misc_feat_roman,
          kennysheep_nondescript, nicolae_water_bricks
D:7:      layout_cave_pods, kennysheep_mini_moat, minmay_temple_entry_glass,
          serial_shops, nicolae_lakefront_shop
D:8:      layout_basic, nicolae_wu_jian_immortal_techniques,
          mainiacjoe_overflow_boulevard, nicolae_overflow_hidden_temple,
          nicolae_zen_rock_garden, hangedman_decor_points, nicolae_shop_gadgets,
          uniq_erica, uniq_grum, uniq_joseph, uniq_harold
D:9:      layout_roguey, nicolae_uskayaw_suspiria
D:10:     layout_loops_ring, nemelex_diamond_rough_becter, hiddenorc1_lemuel
D:11:     layout_cave_pools, dpeg_oklobed_lair, minmay_misc_feat_plants
D:12:     minmay_connected_triangles_in_corner, layout_basic, chequers_avenue
D:13:     minmay_the_grid_square_5x5_3x3 [minmay_the_grid_square_5x5_three,
          minmay_the_grid_square_5x5_spiral_small,
          minmay_the_grid_square_5x5_inset,
          minmay_the_grid_square_5x5_doubleslash,
          minmay_the_grid_square_5x5_megaprize_hollow,
          minmay_the_grid_square_5x5_corner,
          minmay_the_grid_square_5x5_fancy_junction,
          minmay_the_grid_square_5x5_z, minmay_the_grid_square_5x5_trominoes],
          layout_basic, portal_ice_cave_entry_pillars_1
D:15:     grunt_enter_depths_snipers, layout_cave_pools, serial_shops,
          nicolae_shop_waterfront, serial_bayou_pond_a, hangedman_decor_growths,
          hangedman_abyss_or_decor_slice, lemuel_nasty_fountain
Temple:   nicolae_temple_figure_eight
Orc:1:    layout_caves, nicolae_orc_rockfall

Skill      XL: |  1  2  3  4  5  6  7  8  9 10 11 12 |
---------------+-------------------------------------+-----
Shields        | 4 5 6 7 8 9 |  9.2
Axes           | 3 4 5 6 9 10 12 14 15 | 15.0
Armour         | 4 5 6 7 8 |  8.2
Fighting       | 4 5 6 7 8 |  8.4
Invocations    | 3 4 5 |  5.8

Action                   |  1- 3 |  4- 6 |  7- 9 | 10-12 || total
-------------------------+-------+-------+-------+-------++-------
Melee: War axe           |    86 |   117 |   171 |   188 ||   562
       Battleaxe         |       |       |       |   247 ||   247
       Scimitar          |       |       |       |    14 ||    14
Throw: Throwing net      |       |       |       |     1 ||     1
Invok: Heroism           |       |       |       |     8 ||     8
       Finesse           |       |       |       |     2 ||     2
 Abil: Dig               |       |     1 |     4 |     4 ||     9
       Shaft Self        |       |       |     1 |     1 ||     2
Evoke: Wand              |       |       |       |     1 ||     1
       Condenser vane    |       |       |       |     1 ||     1
  Use: Scroll            |     5 |     1 |     5 |     5 ||    16
       Potion            |       |     1 |     3 |     8 ||    12
Armor: Scale mail        |    48 |    56 |    62 |       ||   166
       Skin              |       |       |    14 |    33 ||    47
       Steam dragon scal |       |       |     2 |   149 ||   151
       Leather armour    |       |       |       |     4 ||     4
Dodge: Dodged            |    48 |    61 |    94 |   256 ||   459
Block: Buckler           |    24 |    34 |    45 |   137 ||   240

Table legend: (Time is in decaauts)
 A = Elapsed time spent in this place.
 B = Non-inter-level travel time spent in this place.
 C = Inter-level travel time spent in this place.
 D = Time resting spent in this place.
 E = Time spent auto-exploring this place.
 F = Levels seen in this place.
 G = Mean time per level.
                   A        B        C        D        E       F      G
               +--------+--------+--------+--------+--------+-----+--------+
         Total |  10502 |  10062 |    440 |   1052 |   6526 |  15 |  700.1 |
       Dungeon |  10269 |   9851 |    418 |   1052 |   6332 |  13 |  789.9 |
        Temple |    230 |    208 |     22 |      0 |    194 |   1 |  230.0 |
  Orcish Mines |      1 |      1 |      0 |      0 |      0 |   1 |    1.0 |
               +--------+--------+--------+--------+--------+-----+--------+

Top non-repeatable levels by time:
     D:7: 1624 daAuts
     D:8: 1131 daAuts
     D:6: 968 daAuts
    D:11: 960 daAuts
    D:10: 932 daAuts
    D:12: 903 daAuts
     D:9: 818 daAuts
     D:1: 765 daAuts
     D:3: 761 daAuts
     D:2: 637 daAuts
     D:4: 565 daAuts
  Temple: 230 daAuts
    D:13: 195 daAuts
    D:15: 4 daAuts
   Orc:1: 1 daAuts
